 Dungeon Crawl Stone Soup version 0.22-a0-458-gb446440 (console) character file.

4692 GreyFlower the Blocker (level 10, -14/64 HPs)
             Began as an Octopode Wanderer on June 9, 2018.
             Was an Elder of Okawaru.
             Demolished by a two-headed ogre
             ... wielding a +0 giant club
              (26 damage)
             ... on level 7 of the Dungeon.
             The game lasted 00:26:59 (14380 turns).

GreyFlower the Blocker (Octopode Wanderer)         Turns: 14380, Time: 00:26:59

Health: -14/64     AC:  1    Str: 11    XL:     10   Next: 44%
Magic:  14/14      EV: 12    Int: 14    God:    Okawaru [****..]
Gold:   425        SH: 11    Dex: 16    Spells: 9/9 levels left

rFire    . . .     SeeInvis .   B - +2 long sword (curse)
rCold    . . .     Gourm    .   a - +0 shield
rNeg     + . .     Faith    .   (helmet restricted)
rPois    .         Spirit   .   (no amulet)
rElec    .         Reflect  .   y - ring of positive energy
rCorr    .         Harm     .   (no ring)
MR       .....                  (no ring)
Stlth    +++.......             (no ring)
HPRegen  0.20/turn              (no ring)
MPRegen  0.14/turn              (no ring)
                                (no ring)
                                (no ring)

@: no status effects
A: almost no armour, stealthy swim, amphibious, 8 rings, constrict 8, camouflage
1, gelatinous body 1
a: Heroism, Renounce Religion


You were on level 7 of the Dungeon.
You worshipped Okawaru.
Okawaru was greatly pleased with you.
You were hungry.

You visited 2 branches of the dungeon, and saw 10 of its levels.

You collected 587 gold pieces.
You spent 162 gold pieces at shops.

Inventory:

Hand Weapons
 d - a +0 dagger
 r - a +0 long sword
 B - a cursed +2 long sword (weapon)
Missiles
 l - 14 tomahawks
 w - a throwing net
 G - 5 javelins (quivered)
Armour
 a - a +0 shield (worn)
Jewellery
 v - an uncursed ring of ice
 y - a ring of positive energy (left tentacle)
Wands
 C - a wand of flame (15)
 D - a wand of acid (3)
Scrolls
 b - a scroll of teleportation
 e - 6 scrolls of identify
 i - a scroll of fear
 j - 6 scrolls of remove curse
 k - 3 scrolls of enchant armour
 m - a scroll of enchant weapon {unknown}
 n - a scroll of immolation {unknown}
 q - 3 scrolls of amnesia {unknown}
 t - 2 scrolls of magic mapping {unknown}
 u - a scroll of noise {unknown}
Potions
 c - 7 potions of curing
 g - 2 potions of agility
 o - 2 potions of heal wounds
 p - 2 potions of flight
 s - a potion of might
 x - a potion of haste
 z - a potion of lignification {unknown}
 A - 2 potions of magic
 E - a potion of brilliance {unknown}
 F - 2 potions of resistance {unknown}
Comestibles
 f - 8 rations


   Skills:
 + Level 4.2 Fighting
 * Level 8.8 Long Blades
 + Level 3.4 Throwing
 - Level 2.0 Dodging
 - Level 2.6 Stealth
 + Level 9.2 Shields
 - Level 2.0 Unarmed Combat
 - Level 6.0 Invocations
 - Level 3.0 Evocations


You had 9 spell levels left.
You didn't know any spells.
Your spell library contained the following spells:

 Spells                   Type           Power        Failure   Level  Hunger
 Magic Dart               Conj           #...         52%         1    ##.....
 Iskenderun's Mystic Bla  Conj           #.......     99%         4    #####..
 Spider Form              Tmut/Pois      #.........   87%         3    ####...
 Blade Hands              Tmut           #.........   100%        5    ######.
 Ice Form                 Ice/Tmut       #.......     99%         4    #####..
 Sticks to Snakes         Tmut           #.......     65%         2    ###....
 Beastly Appendage        Tmut           #.....       52%         1    ##.....
 Fulminant Prism          Conj/Hex       #.........   99%         4    #####..
 Dazzling Spray           Conj/Hex       #.....       87%         3    ####...
 Force Lance              Conj/Tloc      #.......     99%         4    #####..
 Searing Ray              Conj           #.....       65%         2    ###....


Dungeon Overview and Level Annotations

Branches:
Dungeon (9/15)             Temple (1/1) D:4
   Lair: D:8-11         Orc: D:9-12

Altars:
Ashenzari
Cheibriados
Dithmenos
Elyvilon
Fedhas
Gozag
Hepliaklqana
Kikubaaqudgha
Makhleb
Nemelex Xobeh
Okawaru
Qazlal
Ru
Sif Muna
Trog
Uskayaw
Vehumet
Wu Jian
Xom
Yredelemnul
Zin
The Shining One

Shops:
D:5 %?   D:9 %

Annotations:
D:3 garrulousMonolith's ghost, amateur DsFi
D:4 CryoXil's ghost, amateur NaFi


Innate Abilities, Weirdness & Mutations

You cannot wear most types of armour.
You are very stealthy in the water. (Stealth+)
You are amphibious.
You can wear up to eight rings at the same time.
You can use your tentacles to constrict eight enemies at once.
Your skin changes colour to match your surroundings (Stealth+).
Your rubbery body absorbs attacks. (AC +1, EV +1)


Message History

The yak gores you. The yak closely misses you.
You riposte.
You hit the yak but do no damage.
There is a stone staircase leading up here.
The yak gores you!
You climb upwards.
There is a stone staircase leading down here.
Unknown command.
You hit the yak.
The yak is lightly wounded.
The yak barely misses you.
You riposte.
You hit the yak.
The yak is lightly wounded.
You hit the yak.
The yak is lightly wounded.
The yak barely misses you. The yak gores you!
* * * LOW HITPOINT WARNING * * *
There is a stone staircase leading down, spattered with blood here.
There is a stone staircase leading up, spattered with blood here.
You climb upwards.
The two-headed ogre hits you with a giant club!!
You die... ....# ##....# ####. #.#.# #..##.# #####.... #.#.######## #..PP.# #.....(.. #.#........# #PP...# #.###.#.< ...........## #PP_PP#

#...(.(..
..#.........#####..P.P###.#...#.#
....#######.#..>..PP....#.#.(.#.#
..#.# #......O..........(....
..#.# #.#...@.......#.#..#..#
....## #.#####...#####.#).....
.....# #.# #...# #.......#
####.## #.# #.#.# ##.......
..#...#####.# #...# #.....##
###.P.#.....######.########....#
#...##.#.....###.#......####.#
##.###.#.........#.####(####.#
#.###.#..##.##..#.##........##


You could see a two-headed ogre.

Vanquished Creatures
  2 hippogriffs (D:8)
  A blink frog (D:7)
  A yak (D:9)
  Menkaure (D:5)
  A warg (D:4)
  Duvessa (D:6)
  A water moccasin (D:9)
  An orc warrior (D:9)
  3 ice beasts
  2 sky beasts
  2 phantoms
  2 black bears
  A necrophage (D:9)
  3 ogres (D:5)
  4 centaurs
  4 bullfrogs
  A scorpion (D:7)
  Dowan (D:6)
  5 killer bees
  A water moccasin skeleton (D:7)
  5 wights (D:6)
  2 howler monkeys
  2 bullfrog zombies
  A crimson imp (D:7)
  5 hounds
  4 orc priests
  A bullfrog skeleton (D:6)
  A jelly (D:5)
  6 orc wizards
  2 iguanas
  Jessica (D:3)
  7 worker ants
  A killer bee zombie (D:5)
  9 gnolls
  9 adders
  2 shadow imps (D:7)
  A worm (D:5)
  3 dart slugs
  9 leopard geckos
  19 orcs
  A ball python (D:5)
  7 bats (D:2)
  4 giant cockroaches
  8 goblins
  5 hobgoblins
  15 jackals
  3 quokkas
  4 frilled lizards
  2 jackal skeletons
  9 kobolds
  A quokka skeleton (D:7)
  7 rats
194 creatures vanquished.

Vanquished Creatures (others)
  3 fungi (D:7)
3 creatures vanquished.

Grand Total: 197 creatures vanquished

Notes
Turn   | Place    | Note
-------+----------+-------------------------------------------
     0 | D:1      | GreyFlower the Octopode Wanderer began the quest for the Orb.
     0 | D:1      | GreyFlower set off with: a +0 shield, a scroll of teleportation, a potion of curing, a +0 dagger, a ration
     0 | D:1      | Reached XP level 1. HP: 16/16 MP: 1/1
   240 | D:1      | Reached skill level 2 in Shields
   240 | D:1      | Reached XP level 2. HP: 21/21 MP: 2/2
   382 | D:1      | Reached XP level 3. HP: 12/26 MP: 3/3
   451 | D:1      | Reached skill level 3 in Shields
  1407 | D:2      | Reached XP level 4. HP: 31/31 MP: 4/4
  1609 | D:3      | Reached skill level 1 in Long Blades
  1612 | D:3      | Reached skill level 4 in Shields
  1612 | D:3      | Reached XP level 5. HP: 29/36 MP: 5/5
  1850 | D:3      | Noticed Jessica
  1866 | D:3      | Killed Jessica
  1950 | D:3      | Noticed garrulousMonolith's ghost (amateur DsFi)
  2757 | D:4      | Found a staircase to the Ecumenical Temple.
  2777 | Temple   | Entered the Ecumenical Temple
  2846 | Temple   | Became a worshipper of Warmaster Okawaru
  2866 | D:4      | Noticed an ogre
  3031 | D:4      | Noticed CryoXil's ghost (amateur NaFi)
  3134 | D:5      | Entered Level 5 of the Dungeon
  3134 | D:5      | Found Fuqaej's Food Shop.
  3134 | D:5      | Noticed Menkaure
  3172 | D:4      | Noticed an ogre
  3396 | D:4      | Reached XP level 6. HP: 22/42 MP: 6/6
  3894 | D:5      | Reached skill level 5 in Shields
  3910 | D:5      | Found Epleny's Magic Scroll Shop.
  3914 | D:5      | Bought a scroll of enchant armour for 97 gold pieces
  3914 | D:5      | Bought a scroll of random uselessness for 13 gold pieces
  3914 | D:5      | Bought a scroll of identify for 26 gold pieces
  3914 | D:5      | Bought a scroll of identify for 26 gold pieces
  4004 | D:5      | Reached XP level 7. HP: 6/46 MP: 7/7
  4691 | D:4      | Noticed a warg
  4691 | D:4      | an acid dragon changed into a warg
  5127 | D:5      | Reached skill level 6 in Shields
  5767 | D:6      | Noticed Duvessa
  5767 | D:6      | Noticed Dowan
  5778 | D:6      | Found a sacrificial altar of Ru.
  5827 | D:6      | Killed Dowan
  5827 | D:6      | Reached skill level 5 in Long Blades
  5845 | D:5      | Reached * piety under Okawaru
  5993 | D:6      | Killed Duvessa
  6194 | D:6      | Reached XP level 8. HP: 36/52 MP: 8/8
  6565 | D:6      | Reached skill level 1 in Invocations
  6823 | D:6      | Reached skill level 7 in Shields
  7174 | D:6      | Found a runed door.
  7521 | D:6      | Noticed Crazy Yiuf
  7523 | D:6      | Noticed Crazy Yiuf
  7523 | D:6      | Crazy Yiuf changed into Crazy Yiuf the worker ant
  7529 | D:6      | Killed Crazy Yiuf the worker ant
  8147 | D:7      | Found a glowing silver altar of Zin.
  8229 | D:7      | Found a shimmering altar of Xom.
  8327 | D:7      | Found a white marble altar of Elyvilon.
  8431 | D:7      | Reached ** piety under Okawaru
  8497 | D:7      | Reached XP level 9. HP: 19/56 MP: 12/12
  8798 | D:7      | Reached skill level 1 in Evocations
  9110 | D:7      | Found a blossoming altar of Fedhas.
  9374 | D:7      | Reached skill level 8 in Shields
  9759 | D:5      | Found a basalt altar of Yredelemnul.
  9786 | D:5      | Reached skill level 5 in Invocations
  9813 | D:5      | Killed Menkaure
  9955 | D:5      | Found Onkucour's Jewellery Emporium.
 10220 | D:5      | Found an opulent altar of Gozag.
 10220 | D:5      | Found a bloodstained altar of Trog.
 10920 | D:8      | Reached *** piety under Okawaru
 11155 | D:7      | Reached skill level 1 in Throwing
 11377 | D:8      | Found a hazy altar of Hepliaklqana.
 11565 | D:8      | Reached XP level 10. HP: 20/63 MP: 14/14
 11939 | D:8      | Reached skill level 9 in Shields
 12814 | D:9      | Found Garrimoi's Food Shoppe.
 13265 | D:9      | Noticed a two-headed ogre
 14256 | D:9      | Reached **** piety under Okawaru
 14380 | D:7      | Demolished by a two-headed ogre

Vault maps used:
D:1:      wheals_arrival_linesprint
D:2:      kennysheep_doodads, minmay_tromino_v4_b
D:3:      cheibrodos_gnoll_hut, uniq_jessica
D:4:      temple_fountains, first_ration, minivault_11
D:5:      lemuel_doored_altar, gammafunk_temple_overflow_statue, serial_shops,
          shop, shop_coins, nicolae_shop_trees, uniq_menkaure
D:6:      hangedman_ru_absence, uniq_duvessa, uniq_crazy_yiuf_cottage
D:7:      lemuel_crystal_altar, fedhas_altar_3, elyvilon_altar_1, zin_treasury
D:8:      kennysheep_little_box
D:9:      serial_shops, nicolae_shop_window_shopping
Temple:   eino_temple_lava

Skill      XL: |  1  2  3  4  5  6  7  8  9 10 |
---------------+-------------------------------+-----
Shields        | 2 3 4 5 6 7 8 9 |  9.2
Long Blades    | 2 3 4 5 6 8 |  8.8
Invocations    | 4 6 |  6.0
Evocations     | 3 |  3.0
Throwing       | 2 3 |  3.4
Fighting       | 4 |  4.2
Dodging        | |  2.0
Stealth        | |  2.6
Unarmed Combat | |  2.0

Action                   |  1- 3 |  4- 6 |  7- 9 | 10-12 || total
-------------------------+-------+-------+-------+-------++-------
Melee: Dagger            |     8 |       |       |       ||     8
       Spear             |    77 |       |       |       ||    77
       Constrict         |    28 |    21 |    66 |    11 ||   126
       Tentacles         |    17 |    22 |    70 |    25 ||   134
       Long sword        |    24 |   103 |   304 |    80 ||   511
       Punch             |       |       |     4 |     3 ||     7
Throw: Javelin           |       |       |     8 |    11 ||    19
       Tomahawk          |       |       |       |     7 ||     7
Invok: Heroism           |       |       |     2 |       ||     2
Evoke: Wand              |       |     1 |    25 |    12 ||    38
  Use: Scroll            |     4 |     3 |     3 |     1 ||    11
       Potion            |       |     1 |     1 |       ||     2
 Stab: Sleeping          |    15 |     5 |     8 |     1 ||    29
       Distracted        |       |       |     2 |       ||     2
  Eat: Chunk             |     2 |     4 |    14 |     5 ||    25
       Ration            |       |     1 |     3 |     1 ||     5
Armor: Skin              |     4 |     3 |    18 |       ||    25
Dodge: Dodged            |    40 |    34 |   118 |    44 ||   236
Block: Shield            |    29 |    52 |   141 |    35 ||   257
       Rpst.: Long sword |     5 |     7 |    38 |    17 ||    67

Table legend:
 A = Spawn XP
 B = Non-spawn XP
 C = Spawn XP percentage of total XP
 D = Spawn monster count
 E = Non-spawn monster count
 F = Spawn count percentage of total count
 G = Total turns spent on level
                    A         B        C        D         E        F      G
               +---------+---------+-------+---------+---------+-------+---------
         Total |       0 |    6703 |   0.0 |       0 |     194 |   0.0 | 14380
               +---------+---------+-------+---------+---------+-------+---------
           D:1 |       0 |      39 |   0.0 |       0 |      23 |   0.0 |   594
           D:2 |       0 |      45 |   0.0 |       0 |      24 |   0.0 |  1026
           D:3 |       0 |     181 |   0.0 |       0 |      20 |   0.0 |  1563
           D:4 |       0 |     444 |   0.0 |       0 |      17 |   0.0 |  1620
           D:5 |       0 |    1023 |   0.0 |       0 |      27 |   0.0 |  2068
           D:6 |       0 |     960 |   0.0 |       0 |      23 |   0.0 |  2606
           D:7 |       0 |    1305 |   0.0 |       0 |      26 |   0.0 |  2110
           D:8 |       0 |    1882 |   0.0 |       0 |      21 |   0.0 |  1588
           D:9 |       0 |     824 |   0.0 |       0 |      13 |   0.0 |  1127
               +---------+---------+-------+---------+---------+-------+---------
